 Dungeon Crawl Stone Soup version 0.23.2-40-g277498a001 (webtiles) character file.

Game seed: 8627499675504333057

675896 Amplified the Slayer (level 27, -12/264 HPs)
             Began as a Formicid Fighter on Oct 18, 2019.
             Was the Champion of Makhleb.
             Mangled by an electric golem (20 damage)
             ... on level 6 of a ziggurat on Oct 20, 2019.
             The game lasted 02:21:20 (66563 turns).

Amplified the Slayer (Formicid Fighter)            Turns: 66563, Time: 02:21:22

Health: -12/264    AC: 27    Str: 32    XL:     27
Magic:  39/41      EV: 22    Int: 26    God:    Makhleb [******]
Gold:   5201       SH: 28    Dex: 14    Spells: 22/63 levels left

rFire    + . .     SeeInvis +   d - +9 lajatang (protect)
rCold    + + .     Gourm    .   H - +6 large shield "Earthly Heaven" {+Inv rN+ Str+2}
rNeg     + + +     Faith    .   Z - +6 faerie dragon scales {*Contam rCorr Int+6 Stlth+}
rPois    +         Spirit   .   (helmet unavailable)
rElec    .         Reflect  .   P - +1 cloak of the Kettle-Drum {rC+ MR+ Int+2}
rCorr    +         Harm     .   o - +2 pair of gloves
MR       ++++.     Clarity  +   v - +2 pair of boots "Soewk" {+Fly rF+ Regen+ Slay+2}
Stlth    +++.......             c - amulet of False Pretenses {+Blink +Rage rN+ Str+2 Int+5}
HPRegen  0.94/turn              R - ring of protection from cold
MPRegen  0.27/turn              B - ring "Waunysko" {+Blink rPois rN+ Stlth+}

@: mighty, very slightly contaminated, invisible
A: permanent stasis, dig shafts and tunnels, four strong arms, antennae 3, slimy
green scales 1, clarity, dopey 1, low mp 1, magic resistance 1, robust 1, wild
magic 1
}: 4/15 runes: decaying, silver, abyssal, gossamer
a: Dig, Shaft Self, Minor Destruction, Lesser Servant of Makhleb, Major
Destruction, Greater Servant of Makhleb, Renounce Religion, Evoke Flight


You were on level 6 of a ziggurat.
You worshipped Makhleb.
Makhleb was exalted by your worship.
You were not hungry.

You visited 11 branches of the dungeon, and saw 53 of its levels.
You visited the Abyss 1 time.
You visited 1 ziggurat, and saw 6 of its levels.
You also visited: Sewer.

You collected 9358 gold pieces.
You spent 4157 gold pieces at shops.

Inventory:

Hand Weapons
 d - a +9 lajatang of protection (weapon)
 I - the +8 longbow "Zephyr" {speed, Dex+3 SInv}
   (You bought it in a shop on level 2 of the Orcish Mines)

   Attacks with this weapon are significantly faster.
   It affects your dexterity (+3).
   It lets you see invisible.
Missiles
 e - 8 javelins
 N - a throwing net (quivered)
 O - 883 arrows
Armour
 o - a +2 pair of gloves (worn)
 v - the +2 pair of boots "Soewk" (worn) {+Fly rF+ Regen+ Slay+2}
   (You found it on level 3 of the Swamp)

   It affects your accuracy and damage with ranged weapons and melee attacks
   (+2).
   It protects you from fire.
   It lets you fly.
   It increases your rate of regeneration.
 H - the +6 large shield "Earthly Heaven" (worn) {+Inv rN+ Str+2}
   (You found it on level 3 of the Elven Halls)

   It affects your strength (+2).
   It protects you from negative energy.
   It lets you turn invisible.
 K - the +0 pair of boots of Zaod Ekk {rElec MR+ Int+2}
   (You found it on level 2 of the Spider Nest)

   It affects your intelligence (+2).
   It insulates you from electricity.
   It affects your resistance to hostile enchantments.
 P - the +1 cloak of the Kettle-Drum (worn) {rC+ MR+ Int+2}
   (You acquired it on level 5 of a ziggurat)

   It affects your intelligence (+2).
   It protects you from cold.
   It affects your resistance to hostile enchantments.
 T - the +1 chain mail of Liberalism {rN+ Dex+4}
   (You bought it in a shop on level 2 of the Elven Halls)

   It affects your dexterity (+4).
   It protects you from negative energy.
 Z - the +6 faerie dragon scales (worn) {*Contam rCorr Int+6 Stlth+}
   (You took it off the Enchantress on level 2 of the Depths)

   It affects your intelligence (+6).
   It causes magical contamination when unequipped.
   It provides partial protection from all sources of acid and corrosion.
   It makes you more stealthy.
Jewellery
 c - the amulet of False Pretenses (around neck) {+Blink +Rage rN+ Str+2 Int+5}
   (You took it off a vault warden on level 5 of the Vaults)

   [amulet of rage]

   It affects your strength (+2).
   It affects your intelligence (+5).
   It protects you from negative energy.
   It lets you blink.
   It lets you go berserk.
 i - an uncursed ring of protection from fire
 m - the ring of Hucoac {rN+ Int+3}
   (You found it on level 3 of the Crypt)

   [ring of positive energy]

   It affects your intelligence (+3).
   It protects you from negative energy.
 z - the ring "Ruytuwn" {Ice +Inv rPois Int+8}
   (You found it on level 5 of a ziggurat)

   [ring of ice]

   It enhances your ice magic.
   It affects your intelligence (+8).
   It makes you vulnerable to fire.
   It protects you from cold.
   It protects you from poison.
   It lets you turn invisible.
 B - the ring "Waunysko" (right hand) {+Blink rPois rN+ Stlth+}
   (You found it on level 3 of the Crypt)

   [ring of positive energy]

   It protects you from poison.
   It protects you from negative energy.
   It lets you blink.
   It makes you more stealthy.
 R - a ring of protection from cold (left hand)
 X - the ring "Fyomm" {*Contam +Fly rN+ Int+4 Dex+3}
   (You found it on level 3 of the Crypt)

   [ring of positive energy]

   It affects your intelligence (+4).
   It affects your dexterity (+3).
   It protects you from negative energy.
   It lets you fly.
   It causes magical contamination when unequipped.
Wands
 u - a wand of scattershot (6)
 E - a wand of paralysis (43)
 F - a wand of acid (17)
Scrolls
 a - 8 scrolls of fog
 g - a scroll of enchant weapon
 p - 4 scrolls of fear
 r - 8 scrolls of amnesia
 t - 29 scrolls of remove curse
 x - 2 scrolls of enchant armour
 y - 8 scrolls of identify
 A - a scroll of holy word
 C - 2 scrolls of silence
 J - 2 scrolls of summoning
Potions
 b - 5 potions of magic
 h - 4 potions of heal wounds
 j - 11 potions of curing
 l - 6 potions of brilliance
 n - a potion of mutation
 q - 7 potions of flight
 s - 4 potions of agility
 w - 5 potions of cancellation
 S - 5 potions of ambrosia
 U - 4 potions of might
Miscellaneous
 k - a phial of floods
 L - a lamp of fire (inert)
 V - 2 phantom mirrors
 Y - a phial of floods
Comestibles
 f - 68 rations


   Skills:
 * Level 24.4 Fighting
 - Level 14.1 Staves
 - Level 20.0 Bows
 - Level 12.5 Armour
 - Level 15.3 Dodging
 - Level 15.6 Shields
 * Level 18.8 Spellcasting
 - Level 14.7 Hexes
 - Level 12.2 Charms
 - Level 9.6 Air Magic
 * Level 13.7 Earth Magic
 - Level 0.7 Invocations


You had 22 spell levels left.
You knew the following spells:

 Your Spells              Type           Power        Failure   Level  Hunger
a - Regeneration          Chrm/Necr      ######....   1%          3    None
b - Passwall              Tmut/Erth      ######..     1%          2    None
c - Confusing Touch       Hex            ######       1%          1    None
d - Spectral Weapon       Hex/Chrm       #######.     1%          3    None
e - Darkness              Hex            #######...   1%          6    ##.....
f - Invisibility          Hex            #######.     1%          6    ##.....
g - Silence               Hex/Air        #######...   1%          5    None
h - Deflect Missiles      Chrm/Air       #######...   6%          6    ##.....
i - Shatter               Erth           #######...   100%        9    #######

Your spell library contained the following spells:

 Spells                   Type           Power        Failure   Level  Hunger
 Infusion                 Chrm           ####         1%          1    None
 Sandblast                Erth           ######       1%          1    None
 Poisonous Vapours        Pois/Air       ######       1%          2    None
 Shroud of Golubria       Chrm/Tloc      ######....   1%          2    None
 Slow                     Hex            #######.     1%          2    None
 Song of Slaying          Chrm           #######.     1%          2    None
 Swiftness                Chrm/Air       #######.     1%          2    None
 Confuse                  Hex            #######.     1%          3    None
 Dazzling Spray           Conj/Hex       ######       1%          3    None
 Inner Flame              Hex/Fire       ######..     1%          3    None
 Stone Arrow              Conj/Erth      ######       1%          3    None
 Summon Guardian Golem    Hex/Summ       ######..     1%          3    None
 Airstrike                Air            #######...   1%          4    None
 Leda's Liquefaction      Hex/Erth       #######...   1%          4    None
 Lee's Rapid Deconstruct  Erth           #######...   1%          5    None
 Fulminant Prism          Conj/Hex       ######....   2%          4    None
 Petrify                  Tmut/Erth      ######..     2%          4    None
 Animate Skeleton         Necr           N/A          3%          1    None
 Beastly Appendage        Tmut           ####..       3%          1    None
 Flame Tongue             Conj/Fire      ####.        3%          1    None
 Magic Dart               Conj           ####         3%          1    None
 Pain                     Necr           ####         3%          1    None
 Sting                    Conj/Pois      ####         3%          1    None
 Summon Butterflies       Summ           ####....     3%          1    None
 Summon Small Mammal      Summ           ####         3%          1    None
 Mephitic Cloud           Conj/Pois/Air  ######..     3%          3    None
 Summon Lightning Spire   Summ/Air       ######..     4%          4    None
 Metabolic Englaciation   Hex/Ice        ######....   4%          5    None
 Summon Mana Viper        Hex/Summ       ######..     4%          5    None
 Yara's Violent Unravell  Hex/Tmut       ######....   4%          5    None
 Call Imp                 Summ           ####....     5%          2    None
 Corpse Rot               Necr           N/A          5%          2    None
 Searing Ray              Conj           ####..       5%          2    None
 Sticks to Snakes         Tmut           ####....     5%          2    None
 Sublimation of Blood     Necr           ####......   5%          2    None
 Throw Flame              Conj/Fire      ####..       5%          2    None
 Excruciating Wounds      Chrm/Necr      ######....   8%          5    None
 Call Canine Familiar     Summ           ####....     10%         3    None
 Conjure Flame            Conj/Fire      ####....     10%         3    None
 Gell's Gravitas          Tloc           ####......   10%         3    None
 Ignite Poison            Fire/Tmut/Pois ####....     10%         3    None
 Spider Form              Tmut/Pois      ####......   10%         3    None
 Vampiric Draining        Necr           ####......   10%         3    None
 Lightning Bolt           Conj/Air       ######....   12%         5    None
 Bolt of Magma            Conj/Fire/Erth ######....   13%         5    None
 Animate Dead             Necr           N/A          28%         4    None
 Force Lance              Conj/Tloc      ####....     28%         4    None
 Ice Form                 Ice/Tmut       ####....     28%         4    None
 Iskenderun's Mystic Bla  Conj           ####....     28%         4    None
 Olgreb's Toxic Radiance  Pois           ####....     28%         4    None
 Passage of Golubria      Tloc           N/A          28%         4    None
 Sticky Flame             Conj/Fire      ####....     28%         4    None
 Summon Ice Beast         Ice/Summ       ####....     28%         4    None
 Discord                  Hex            #######...   41%         8    ######.
 Conjure Ball Lightning   Conj/Air       ######....   50%         6    ##.....
 Agony                    Necr           ####....     58%         5    None
 Blade Hands              Tmut           ####......   58%         5    None
 Bolt of Draining         Conj/Necr      ####......   58%         5    None
 Dispel Undead            Necr           ####....     58%         5    None
 Fireball                 Conj/Fire      ####......   58%         5    None
 Summon Forest            Summ/Tloc      ####......   58%         5    None
 Venom Bolt               Conj/Pois      ####......   58%         5    None
 Freezing Cloud           Conj/Ice/Air   ######....   71%         6    ##.....
 Ring of Flames           Chrm/Fire      ######....   87%         7    #####..
 Bolt of Cold             Conj/Ice       ####......   98%         6    ##.....
 Bolt of Fire             Conj/Fire      ####......   98%         6    ##.....
 Death Channel            Necr           ####......   98%         6    ##.....
 Hydra Form               Tmut           ####......   98%         6    ##.....
 Ozocubu's Refrigeration  Ice            ####......   98%         6    ##.....
 Simulacrum               Ice/Necr       ####......   98%         6    ##.....
 Haunt                    Necr/Summ      ####......   100%        7    #####..
 Spellforged Servitor     Conj/Summ      ####......   100%        7    #####..
 Summon Hydra             Summ           ####......   100%        7    #####..
 Ignition                 Fire           ####......   100%        8    ######.
 Dragon's Call            Summ           ####......   100%        9    #######
 Tornado                  Air            #######...   100%        9    #######
 Blink                    Tloc           Unusable     N/A         2    N/A

Dungeon Overview and Level Annotations

Branches:
Dungeon (15/15)            Temple (1/1) D:5            Lair (6/6) D:11
  Swamp (4/4) Lair:4       Spider (4/4) Lair:4        Slime (0/5) Lair:5
    Orc (2/2) D:11            Elf (3/3) Orc:2        Vaults (5/5) D:13
  Crypt (3/3) Vaults:2       Tomb (0/3) Crypt:3      Depths (5/5) D:15
    Zot (5/5) Depths:5

Altars:
Ashenzari
Cheibriados
Dithmenos
Elyvilon
Fedhas
Gozag
Hepliaklqana
Kikubaaqudgha
Makhleb
Nemelex Xobeh
Okawaru
Qazlal
Ru
Sif Muna
Trog
Uskayaw
Vehumet
Wu Jian
Xom
Yredelemnul
Zin
The Shining One
Beogh
Jiyva

Shops:
D:4 (   D:7 :   D:14 *   Orc:1 **   Orc:2 [:!?*   Elf:2 ?[(   Vaults:1 **(!=
Vaults:2 %   Depths:3 }!(*

Portals:
Hell: Depths:1 Depths:2 Depths:3 Depths:4 Depths:5
Abyss: Depths:3 Depths:4
Pandemonium: Depths:3 Depths:5
Trove: Depths:1 (give 5 potions of resistance)

Annotations:
Lair:2 1 runed translucent door, exclusion: oklob plant, fritzmikael's ghost, adept OpFi
Lair:5 exclusion: 2 oklob plants
Spider:3 1 runed translucent door, kotomi's ghost, adept DsBe
Elf:2 3 runed translucent doors
Vaults:2 Get positive for hollow exploration.
Vaults:3 Mennas
Vaults:5 Consider alternative for usual suspects.


Innate Abilities, Weirdness & Mutations

You cannot be hasted, slowed, berserked, paralysed or teleported.
You can dig through walls and to a lower floor.
Your four strong arms can wield two-handed weapons with a shield.
You have a pair of large antennae on your head. (SInv)
You are partially covered in slimy green scales. (AC +2)
You possess an exceptional clarity of mind.
You are dopey. (Int -2)
Your magical capacity is low. (-10% MP)
You are resistant to hostile enchantments. (MR+)
You are robust. (+10% HP)
Your spells are a little harder to cast, but a little more powerful.


Message History

* * * LOW HITPOINT WARNING * * *
The electric golem shocks you!
* * * LOW HITPOINT WARNING * * *
You block the electric golem's attack. x3
The electric golem hits you but does no damage. x2
The electric golem barely misses you.
A vortex of raging winds appears around the air elemental!
You block the electric golem's attack.
The electric golem hits you but does no damage.
The electric golem closely misses you.
The electric golem hits you but does no damage.
The electric golem blinks!
The titan waves its arms in wide circles.
The air twists around and strikes you!
* * * LOW HITPOINT WARNING * * *
The electric golem completely misses you.
The electric golem hits you.
* * * LOW HITPOINT WARNING * * *
The electric golem shocks you!!
You die...

▓▓ ▓▓▓▓.▓▓▓▓
▓▓.......▓▓▓
..8...C....▓▓
......§@8...▓
......8E....▓
∩...........▓▓
>!......y.∩..▓
∩...........▓▓
............▓
............▓
...........▓▓
▓▓.......▓▓▓


You could see 3 electric golems, a titan, a spark wasp (wandering) and an air
elemental.

Vanquished Creatures
  An ancient lich (Crypt:3)
  A juggernaut (Depths:3)
  Sojobo (Vaults:2)
  Margery (Depths:5)
  A shard shrike (Zig:5)
  4 caustic shrikes (Depths:4)
  2 curse toes
  8 golden dragons
  A profane servitor (Crypt:3)
  the Enchantress (Depths:2)
  4 bone dragons
  2 electric golems (Zot:4)
  An iron giant (shapeshifter) (Depths:2)
  12 tentacled monstrosities
  2 Orb Guardians (Zot:5)
  7 liches
  4 titans
  3 deep elf blademasters
  4 quicksilver dragons
  A deep elf master archer (Elf:3)
  5 sphinxes
  5 death cobs
  9 shadow dragons
  11 tentacled starspawn
  3 draconian monks
  3 ancient champions
  A storm dragon (shapeshifter) (Depths:2)
  13 storm dragons
  3 thorn hunters (Swamp:3)
  15 fire giants
  6 frost giants
  15 tengu reavers
  2 daevas (Abyss:4)
  A revenant (Crypt:3)
  3 draconian knights
  23 vault wardens
  Aizul (Vaults:1)
  8 deep elf sorcerers
  4 orc warlords
  A balrug (Depths:5)
  6 iron dragons
  An iron dragon (shapeshifter) (Depths:2)
  6 ghost moths
  4 spriggan defenders
  3 draconian shifters
  4 emperor scorpions
  14 ironheart preservers
  2 curse skulls (Crypt:1)
  The ghost of weresquid the Peltast, an adept GrGl of the Shining One (Swamp:3)
  3 draconian scorchers
  7 deep elf elementalists
  A draconian stormcaller (Zot:4)
  4 draconian annihilators
  2 war gargoyles
  22 stone giants
  A reaper (Crypt:2)
  10 ghouls
  An entropy weaver (shapeshifter) (Vaults:5)
  Nessos (D:15)
  32 very ugly things
  4 vampire knights
  5 entropy weavers
  4 black draconians
  9 deep elf demonologists
  9 purple draconians
  11 green draconians
  9 deep elf annihilators
  6 yellow draconians
  6 red draconians
  A lorocyproca (Depths:2)
  Azrael (D:14)
  6 white draconians
  6 spark wasps
  3 eidola
  17 ettins
  2 green deaths (Swamp:4)
  2 blizzard demons (Abyss:4)
  2 deep elf high priests
  9 deep elf death magi
  28 jiangshi
  18 yaktaur captains
  13 ogre magi
  Josephine (D:14)
  A crystal guardian (Depths:2)
  A merfolk impaler (Depths:1)
  34 vault guards
  The ghost of Shtrein the Grappler, a journeyman TrMo of Wu Jian (Orc:1)
  6 great orbs of eyes
  8 fire dragons
  23 hydras
  11 rakshasas
  Erolcha (Orc:2)
  11 ice dragons
  9 centaur warriors
  2 juggernaut simulacra (Depths:2)
  Harold (D:8)
  3 catoblepae
  An anaconda (shapeshifter) (Depths:2)
  7 spriggan air magi
  A naga warrior (Abyss:3)
  A ghost crab (Swamp:3)
  5 tengu warriors
  A spectral fire giant (Crypt:3)
  17 dancing weapons
  39 two-headed ogres
  17 alligators
  4 shambling mangroves
  A queen ant (Spider:3)
  5 deep troll shamans
  9 death knights
  6 deep troll earth magi
  15 thrashing horrors
  An orc high priest (Orc:1)
  7 vampire magi
  4 spriggan berserkers
  A sun demon (Depths:5)
  Urug (Lair:4)
  15 deep elf knights
  Sonja (D:11)
  13 hell knights
  2 shock serpents
  4 soul eaters
  Nergalle (Orc:2)
  2 fire crabs (shapeshifter)
  8 shadow wraiths
  2 sixfirhies
  3 spatial maelstroms
  12 wretched stars
  8 unseen horrors
  2 spriggan druids (Swamp:4)
  A salamander mystic (Depths:5)
  A titan skeleton (Vaults:5)
  37 skeletal warriors
  An unseen horror (shapeshifter) (Elf:1)
  9 glowing orange brains
  A deep troll (shapeshifter) (Depths:5)
  13 flayed ghosts
  5 wizards
  22 deep trolls
  40 starcursed masses
  7 harpies
  15 large abominations
  An anaconda skeleton (Abyss:1)
  A death drake (shapeshifter) (Vaults:3)
  16 deep elf archers
  4 swamp dragons
  21 ironbrand convokers
  A shadow dragon skeleton (Vaults:5)
  A tengu zombie (Vaults:3)
  A lindwurm (shapeshifter) (Depths:4)
  A mana viper (Zig:2)
  9 necromancers
  6 orc knights
  A golden dragon skeleton (Abyss:3)
  40 wolf spiders
  72 deep elf magi
  A shining eye (Abyss:3)
  15 phantasmal warriors
  7 orc sorcerers
  A wolf spider (shapeshifter) (Depths:2)
  An iron dragon zombie (Crypt:2)
  27 orb spiders
  A stone giant zombie (Crypt:1)
  6 salamanders
  31 ugly things
  2 manticores
  3 human zombies
  A sphinx skeleton (Vaults:5)
  6 cyclopes
  20 moths of wrath
  A black mamba (shapeshifter) (Depths:4)
  2 guardian serpents
  5 worldbinders
  3 naga magi
  2 apocalypse crabs
  A rust devil (Depths:3)
  2 moths of wrath (shapeshifter)
  A stone giant skeleton (Zig:5)
  11 black mambas
  An eye of devastation (Zig:4)
  A frost giant skeleton (Zig:5)
  A titan simulacrum (Crypt:3)
  Maurice (D:9)
  18 vault sentinels
  6 orange demons
  3 gargoyles
  2 torpor snails
  5 smoke demons
  30 spiny frogs
  An alligator snapping turtle zombie (Crypt:2)
  3 kobold demonologists
  A rime drake (Lair:6)
  46 yaktaurs
  A minotaur skeleton (Crypt:2)
  2 tormentors
  15 demonic crawlers
  15 freezing wraiths
  8 komodo dragons
  4 human skeletons (Vaults:2)
  A komodo dragon (shapeshifter) (Vaults:3)
  9 ancient zymes
  2 ice devils (Zig:5)
  2 efreet
  A jumping spider (shapeshifter) (Elf:1)
  A hydra zombie (Crypt:2)
  2 red devils
  A polar bear (shapeshifter) (D:15)
  A hellwing (Abyss:4)
  35 jumping spiders
  A tengu conjurer (Depths:1)
  4 yaktaur skeletons
  2 merfolk (shapeshifter) (Vaults:5)
  A wind drake (shapeshifter) (Vaults:3)
  An iron troll skeleton (Crypt:1)
  5 polar bears
  7 trolls
  A shadow dragon simulacrum (Vaults:5)
  45 slime creatures
  A spectral swamp dragon (Crypt:3)
  20 hornets
  17 bog bodies
  A meliai zombie (D:15)
  7 dream sheep (Lair:5)
  9 tyrant leeches
  19 blink frogs
  26 raiju
  2 tengu simulacra
  3 ettin zombies
  8 hippogriffs
  A hydra skeleton (Abyss:4)
  A spectral black mamba (Crypt:3)
  An ettin skeleton (Vaults:3)
  49 redbacks
  An ice dragon skeleton (Crypt:1)
  7 spriggans
  A vampire (D:13)
  21 wraiths
  9 shadows
  3 air elementals
  2 spriggans (shapeshifter)
  31 tarantellas
  6 ynoxinuls
  52 flying skulls
  13 water elementals
  12 wyverns
  A fire bat (D:7)
  35 yaks
  6 basilisks
  4 fire elementals (D:14)
  A hog (shapeshifter) (Depths:4)
  2 humans (D:7)
  2 steam dragons (Lair:6)
  8 golden eyes (Abyss:4)
  8 neqoxecs
  2 hungry ghosts
  5 vampire mosquitoes
  5 chaos spawn
  13 swamp worms
  11 insubstantial wisps
  3 spatial vortices (Abyss:4)
  4 nagas
  4 acid dragons
  18 soldier ants
  21 water moccasins
  A deep troll skeleton (Vaults:2)
  A torturous demonspawn skeleton (Crypt:1)
  A gelid demonspawn skeleton (Crypt:1)
  4 floating eyes
  A merfolk skeleton (Crypt:2)
  39 orc warriors
  10 porcupines
  3 ice beasts
  19 small abominations
  10 swamp drakes
  A manticore zombie (Crypt:1)
  3 sky beasts
  7 black bears
  3 eyes of draining
  7 boggarts (Vaults:2)
  38 ogres
  11 centaurs
  9 necrophages
  2 orc skeletons (Vaults:2)
  A snapping turtle skeleton (Abyss:1)
  18 wolves
  A rime drake zombie (Crypt:2)
  11 crocodiles
  7 big kobolds
  17 bullfrogs
  A wyvern zombie (D:14)
  A gnoll sergeant (D:6)
  An earth elemental (Elf:2)
  A glowing shapeshifter simulacrum (Vaults:5)
  A draconian skeleton (Crypt:1)
  5 killer bees
  2 scorpions
  16 wights
  8 electric eels
  2 howler monkeys (D:9)
  11 crimson imps
  3 bullfrog zombies
  5 centaur zombies
  2 human simulacra
  4 quasits
  A bullfrog skeleton (D:10)
  A gnoll shaman (D:6)
  26 orc priests
  6 centaur skeletons
  10 hounds
  5 iron imps
  5 jellies
  43 orc wizards
  6 iguanas
  2 hell rats (Lair:6)
  32 worker ants
  A porcupine skeleton (Crypt:1)
  4 hound skeletons
  3 worker ant zombies
  7 gnolls (D:6)
  13 adders
  2 howler monkey skeletons
  7 river rats (Lair:6)
  10 shadow imps
  2 white imps
  5 oozes
  An iguana zombie (Crypt:1)
  6 worms
  2 dart slugs
  10 leopard geckos
  84 orcs
  12 bats
  11 giant cockroaches
  4 goblins
  10 hobgoblins
  24 jackals
  7 quokkas
  A river rat zombie (Crypt:1)
  A ball python (Sewer)
  5 frilled lizards
  A goblin zombie (Crypt:2)
  A jackal skeleton (Crypt:2)
  25 kobolds
  A leopard gecko zombie (D:6)
  A quokka skeleton (D:6)
  5 rats
  2 briar patches (Swamp:3)
  3 crawling corpses (Elf:3)
  16 starspawn tentacles (Abyss:4)
2769 creatures vanquished.

Vanquished Creatures (collateral kills)
  A thorn hunter (Swamp:3)
  2 orc sorcerers (Orc:2)
  A spiny frog (Swamp:3)
  A slime creature (Swamp:3)
  A bog body (Swamp:3)
  A blink frog (Swamp:3)
  A swamp drake (Swamp:3)
  2 orc wizards (Orc:2)
10 creatures vanquished.

Vanquished Creatures (others)
  Asterion (Depths:3)
  2 deep elf master archers
  An Executioner (Abyss:4)
  A draconian knight (Zot:1)
  A stone giant (Depths:1)
  A vampire knight (Depths:3)
  4 yaktaur captains
  A rakshasa (Abyss:4)
  2 centaur warriors
  An ogre mage (Depths:3)
  2 spriggan druids (Swamp:3)
  3 deep elf archers
  8 yaktaurs
  A large abomination (Abyss:4)
  2 flying skulls (Crypt:3)
  A redback (shapeshifter) (Depths:2)
  An insubstantial wisp (Zig:6)
  A swamp drake (Swamp:3)
  A human (D:8)
  2 centaurs (Vaults:2)
  A wight (D:9)
  A quasit (D:9)
  A small abomination (Abyss:4)
  2 white imps (Abyss:1)
  5 briar patches (Swamp:3)
  2 bushes (D:14)
  38 fungi
  5 lurking horrors
  18 plants
  29 spectral weapons
  33 starspawn tentacles
172 creatures vanquished.

Grand Total: 2951 creatures vanquished

Notes
Turn   | Place    | Note
-------+----------+-------------------------------------------
     0 | D:1      | Amplified the Formicid Fighter began the quest for the Orb.
     0 | D:1      | Reached XP level 1. HP: 18/18 MP: 1/1
    92 | D:1      | Reached XP level 2. HP: 19/24 MP: 2/2
   519 | D:1      | Reached XP level 3. HP: 28/30 MP: 3/3
   848 | D:2      | Reached skill level 4 in Fighting
   848 | D:2      | Reached XP level 4. HP: 37/37 MP: 4/4
  1064 | D:2      | Found a shattered altar of Ashenzari.
  1533 | D:3      | Reached XP level 5. HP: 33/42 MP: 5/5
  1753 | D:3      | Reached skill level 5 in Shields
  1889 | D:3      | Found a glowing drain.
  1893 | Sewer    | Entered a sewer
  2308 | Sewer    | Reached XP level 6. HP: 44/49 MP: 6/6
  2952 | D:4      | Reached skill level 5 in Fighting
  3408 | D:4      | Found Kitarip's Weapon Boutique.
  3430 | D:4      | Reached XP level 7. HP: 32/56 MP: 7/7
  3953 | D:5      | Entered Level 5 of the Dungeon
  4125 | D:5      | Reached skill level 6 in Fighting
  4192 | D:5      | Reached skill level 5 in Staves
  4192 | D:5      | Reached XP level 8. HP: 61/64 MP: 8/8
  4323 | D:5      | Found a staircase to the Ecumenical Temple.
  4332 | Temple   | Entered the Ecumenical Temple
  4466 | Temple   | Became a worshipper of Makhleb the Destroyer
  5119 | D:6      | Noticed a gargoyle
  5133 | D:6      | Killed a gargoyle
  5145 | D:6      | Reached XP level 9. HP: 38/71 MP: 9/9
  5403 | D:6      | Found an opulent altar of Gozag.
  5636 | D:6      | Reached * piety under Makhleb
  6143 | D:7      | Found an iron altar of Okawaru.
  6364 | D:7      | Found a hide-covered altar of Uskayaw.
  6364 | D:7      | Found a white marble altar of Elyvilon.
  6444 | D:7      | Found Myqaacec's Book Shoppe.
  7020 | D:8      | Reached XP level 10. HP: 72/77 MP: 10/10
  7132 | D:8      | Reached skill level 10 in Staves
  7328 | D:8      | Found an ancient bone altar of Kikubaaqudgha.
  7377 | D:8      | Noticed Harold
  7407 | D:8      | Killed Harold
  7955 | D:9      | Reached ** piety under Makhleb
  8241 | D:9      | Found a blossoming altar of Fedhas.
  8284 | D:9      | Found a sparkling altar of Nemelex Xobeh.
  8440 | D:9      | Noticed a red ugly thing
  8441 | D:9      | Noticed Maurice
  8442 | D:9      | Noticed a cyclops
  8454 | D:9      | Killed a red ugly thing
  8470 | D:9      | Killed Maurice
  8477 | D:9      | Reached XP level 11. HP: 78/83 MP: 11/11
  8494 | D:9      | Killed a cyclops
  8725 | D:10     | Entered Level 10 of the Dungeon
  8734 | D:10     | Noticed an unseen horror
  8752 | D:10     | Killed an unseen horror
  8935 | D:10     | Reached *** piety under Makhleb
  9183 | D:10     | Found a blossoming altar of Fedhas.
  9348 | D:11     | Found a staircase to the Lair.
  9530 | D:11     | Learned a level 5 spell: Lee's Rapid Deconstruction
  9630 | D:11     | Noticed Sonja
  9652 | D:11     | Killed Sonja
  9652 | D:11     | Reached skill level 1 in Dodging
  9721 | D:11     | Noticed a seven-headed hydra
  9744 | D:10     | Killed a seven-headed hydra
  9744 | D:10     | Reached skill level 7 in Fighting
  9933 | D:11     | Noticed a two-headed ogre
  9958 | D:11     | Killed a two-headed ogre
 10198 | D:11     | Noticed a two-headed ogre
 10200 | D:11     | Noticed a moth of wrath
 10200 | D:11     | a two-headed ogre changed into a moth of wrath
 10205 | D:11     | Killed a moth of wrath
 10278 | D:11     | Reached skill level 5 in Armour
 10281 | D:11     | Found a staircase to the Orcish Mines.
 10284 | D:11     | Reached **** piety under Makhleb
 10304 | D:11     | Reached XP level 12. HP: 90/92 MP: 12/12
 10317 | D:11     | Found a roughly hewn altar of Beogh.
 10776 | Lair:1   | Entered Level 1 of the Lair of Beasts
 10786 | Lair:1   | Reached skill level 8 in Fighting
 11011 | Lair:1   | Learned a level 2 spell: Passwall
 11234 | Lair:1   | Noticed an eight-headed hydra
 11281 | Lair:1   | Killed an eight-headed hydra
 11491 | Lair:1   | Reached skill level 9 in Fighting
 11561 | Lair:1   | Reached skill level 5 in Dodging
 12006 | Lair:2   | Found a runed translucent door.
 12010 | Lair:2   | Noticed fritzmikael's ghost (adept OpFi)
 12029 | Lair:2   | Found an iron altar of Okawaru.
 12054 | Lair:2   | Reached ***** piety under Makhleb
 12277 | Lair:2   | Reached XP level 13. HP: 103/103 MP: 13/13
 12705 | Lair:3   | Reached skill level 10 in Fighting
 13718 | Lair:4   | Found a staircase to the Swamp.
 13849 | Lair:4   | Noticed a five-headed hydra
 13871 | Lair:4   | Killed a five-headed hydra
 13903 | Lair:4   | Noticed a catoblepas
 13916 | Lair:4   | Killed a catoblepas
 13916 | Lair:4   | Reached skill level 11 in Fighting
 14141 | Lair:4   | Noticed Urug
 14166 | Lair:4   | Killed Urug
 14279 | Lair:4   | Found a hole to the Spider Nest.
 14437 | Lair:4   | Noticed a six-headed hydra
 14461 | Lair:4   | Killed a seven-headed hydra
 15178 | Lair:5   | Found a staircase to the Slime Pits.
 15178 | Lair:5   | Found a viscous altar of Jiyva.
 15300 | Lair:5   | Reached skill level 10 in Armour
 15816 | Lair:6   | Entered Level 6 of the Lair of Beasts
 15950 | Lair:6   | Noticed a five-headed hydra
 15967 | Lair:6   | Killed a five-headed hydra
 15996 | Lair:6   | Noticed a six-headed hydra
 16005 | Lair:6   | Reached XP level 14. HP: 114/114 MP: 14/14
 16150 | Lair:6   | Reached ****** piety under Makhleb
 16171 | Lair:6   | Reached skill level 12 in Fighting
 17360 | Orc:1    | Entered Level 1 of the Orcish Mines
 17374 | Orc:1    | Found Jaqyupad's General Store.
 17380 | Orc:1    | Noticed an orc warlord
 17405 | Orc:1    | Killed an orc warlord
 17405 | Orc:1    | Reached skill level 13 in Fighting
 17452 | Orc:1    | Bought a scroll of torment for 75 gold pieces
 17478 | Orc:1    | You fall through a shaft!
 17478 | Orc:2    | Entered Level 2 of the Orcish Mines
 17538 | Orc:2    | Found a staircase to the Elven Halls.
 17678 | Orc:2    | Found a roughly hewn altar of Beogh.
 17825 | Orc:2    | Found Maaffah's General Store.
 17838 | Orc:2    | Bought the +8 longbow "Zephyr" {speed, Dex+3 SInv} for 1136
                  | gold pieces
 17838 | Orc:2    | Found the +8 longbow "Zephyr" {speed, Dex+3 SInv}
 17838 | Orc:2    | Bought 2 throwing nets for 96 gold pieces
 17998 | Orc:1    | Bought 16 arrows for 32 gold pieces
 18420 | D:4      | Bought 11 arrows for 24 gold pieces
 18420 | D:4      | Bought 19 arrows for 41 gold pieces
 18975 | D:6      | Got a slimy chain mail
 19178 | D:6      | Found a blossoming altar of Fedhas.
 19181 | D:6      | Reached skill level 1 in Bows
 19779 | Orc:1    | Found Ehempuc's General Store.
 19792 | Orc:1    | Bought a scroll of fog for 22 gold pieces
 19792 | Orc:1    | Bought a potion of might for 44 gold pieces
 19876 | Orc:1    | Reached XP level 15. HP: 110/123 MP: 15/15
 19903 | Orc:1    | Noticed an orc warlord
 20173 | Orc:2    | Found Xedi's Antique Armour Shoppe.
 20197 | Orc:2    | Bought a scorched ring mail for 207 gold pieces
 20207 | Orc:2    | Found Xennir's Book Emporium.
 20249 | Orc:2    | Found an ancient bone altar of Kikubaaqudgha.
 20250 | Orc:2    | Noticed Nergalle
 20406 | Orc:2    | Killed Nergalle
 20432 | Orc:2    | Found Ceros's Distillery.
 20445 | Orc:2    | Noticed Erolcha
 20510 | Orc:2    | Reached skill level 5 in Bows
 20689 | Orc:2    | Killed Erolcha
 20691 | Orc:2    | Bought a potion of curing for 33 gold pieces
 20691 | Orc:2    | Bought a potion of curing for 33 gold pieces
 20691 | Orc:2    | Bought a potion of resistance for 110 gold pieces
 20691 | Orc:2    | Bought 2 potions of agility for 88 gold pieces
 20696 | Orc:2    | Found a radiant altar of Vehumet.
 20723 | Orc:2    | Found a roughly hewn altar of Beogh.
 20730 | Orc:2    | Found Ylenej's Magic Scroll Shoppe.
 21093 | Elf:1    | Entered Level 1 of the Elven Halls
 21287 | Orc:1    | Killed an orc warlord
 21338 | Orc:1    | Found a transporter.
 21342 | Orc:1    | Noticed Shtrein's ghost (journeyman TrMo)
 21347 | Orc:1    | Identified the +4 great mace of Ascent {crush, rC+}
 21347 | Orc:1    | Identified the +5 great mace of the Pyrrhic Victory {venom,
                  | Int-4 Dex+5}
 21434 | Orc:1    | Found a transporter.
 21502 | Orc:1    | Found a roughly hewn altar of Beogh.
 21943 | Orc:1    | Killed Shtrein's ghost
 22294 | D:12     | Identified the +1 chain mail "Zaudghuu" {Int+4} (You found
                  | it on level 6 of the Dungeon)
 22559 | D:13     | Found a gate to the Vaults.
 23370 | D:14     | Reached XP level 16. HP: 130/130 MP: 16/16
 23519 | D:14     | Reached skill level 10 in Bows
 23560 | D:14     | Found a stormy altar of Qazlal.
 23761 | D:14     | Noticed Azrael
 23775 | D:14     | Killed Azrael
 23843 | D:14     | Noticed Josephine
 23850 | D:14     | Killed Josephine
 23916 | D:14     | Found a snail-covered altar of Cheibriados.
 24102 | D:14     | Found Qaitathro's General Store.
 24108 | D:14     | Bought a potion of curing for 39 gold pieces
 24412 | D:15     | Entered Level 15 of the Dungeon
 24847 | D:15     | Noticed Nessos
 24856 | D:15     | Killed Nessos
 24949 | D:15     | Found a staircase to the Depths.
 25320 | D:15     | Identified the cursed +0 ring mail of Bedaefarr {rC+
                  | Stlth+} (You bought it in a shop on level 2 of the Orcish
                  | Mines)
 25523 | Swamp:1  | Entered Level 1 of the Swamp
 25577 | Spider:1 | Entered Level 1 of the Spider Nest
 25689 | Spider:1 | Got a bronze scale mail
 25784 | Spider:1 | Reached XP level 17. HP: 134/136 MP: 17/17
 26526 | Spider:2 | Got a pair of warped boots
 27515 | Spider:3 | Identified the cursed +0 pair of boots of Zaod Ekk {rElec
                  | MR+ Int+2} (You found it on level 2 of the Spider Nest)
 27551 | Spider:3 | Identified the +6 scale mail of the Hippo {Str+4} (You
                  | found it on level 1 of the Spider Nest)
 27604 | Spider:3 | Found a runed translucent door.
 27604 | Spider:3 | Found a shimmering altar of Xom.
 27604 | Spider:3 | Noticed kotomi's ghost (adept DsBe)
 28545 | Spider:3 | Reached skill level 15 in Bows
 28964 | Spider:4 | Entered Level 4 of the Spider Nest
 29133 | Spider:4 | Reached XP level 18. HP: 143/143 MP: 18/18
 30001 | Spider:4 | Got a gossamer rune of Zot
 31058 | Elf:1    | Noticed a Hell Sentinel
 31066 | Elf:1    | Gained mutation: You are somewhat resistant to further
                  | mutation. [a neqoxec]
 31282 | Elf:1    | Identified Repreif's Incunabulum of Summoning
 31462 | Elf:1    | Reached XP level 19. HP: 149/149 MP: 19/19
 32682 | Elf:2    | Found Laxkarug's Antique Weapon Boutique.
 32748 | Elf:2    | Found Seanuh's Antique Armour Shoppe.
 32756 | Elf:2    | Bought a dazzling leather armour for 259 gold pieces
 32756 | Elf:2    | Bought a jewelled chain mail for 351 gold pieces
 32756 | Elf:2    | Bought a transparent robe for 210 gold pieces
 32756 | Elf:2    | Identified the +3 leather armour "Jughusut" {-Cast rElec
                  | MR+ Str+4} (You bought it in a shop on level 2 of the Elven
                  | Halls)
 32768 | Elf:2    | Identified the cursed +1 chain mail of Liberalism {rN+
                  | Dex+4} (You bought it in a shop on level 2 of the Elven
                  | Halls)
 32779 | Elf:2    | Identified the +1 robe "Dihov" {+Blink} (You bought it in a
                  | shop on level 2 of the Elven Halls)
 32865 | Elf:2    | Found Puxkumit's Magic Scroll Shoppe.
 32879 | Elf:2    | Got a dazzling leather armour
 32890 | Elf:2    | Identified the +1 leather armour of the Last Spreadsheets
                  | {MR- Regen+ Str+4} (You found it on level 2 of the Elven
                  | Halls)
 32906 | Elf:2    | Bought a scroll of enchant weapon for 127 gold pieces
 33010 | Elf:2    | Found a runed translucent gate.
 33010 | Elf:2    | Found a runed translucent gate.
 33010 | Elf:2    | Found a runed translucent gate.
 33203 | Elf:3    | Entered Level 3 of the Elven Halls
 33424 | Vaults:1 | Entered Level 1 of the Vaults
 35422 | Swamp:3  | You fall through a shaft!
 35422 | Swamp:4  | Entered Level 4 of the Swamp
 35633 | Swamp:4  | Reached XP level 20. HP: 156/156 MP: 20/20
 36264 | Swamp:4  | Noticed a tentacled monstrosity
 36290 | Swamp:4  | Killed a tentacled monstrosity
 36461 | Swamp:4  | Got a decaying rune of Zot
 36704 | Swamp:3  | Noticed a tentacled monstrosity
 36819 | Swamp:3  | Found a transporter.
 36905 | Swamp:3  | Found a transporter.
 36946 | Swamp:3  | Killed a tentacled monstrosity
 37005 | Swamp:3  | Reached skill level 10 in Dodging
 37084 | Swamp:3  | Found a transporter.
 37109 | Swamp:3  | Noticed weresquid's ghost (adept GrGl)
 37144 | Swamp:3  | Found a transporter.
 37379 | Swamp:3  | Got a warped silver amulet
 37389 | Swamp:3  | Got a vibrating brass amulet
 37394 | Swamp:3  | Got a faintly humming leather armour
 37399 | Swamp:3  | Identified the +1 leather armour of the Unseen Realm {+Fly
                  | rC+} (You found it on level 3 of the Swamp)
 37400 | Swamp:3  | Identified the amulet "Tumeipt" {Spirit *Slow rElec Dex+4}
                  | (You found it on level 3 of the Swamp)
 37401 | Swamp:3  | Identified the amulet "Cost" {Inacc rElec MR- Int+6 Stlth+}
                  | (You found it on level 3 of the Swamp)
 37592 | Swamp:3  | Killed weresquid's ghost
 37613 | Swamp:3  | Got a pair of steaming boots
 37845 | D:11     | Identified the +2 pair of boots "Soewk" {+Fly rF+ Regen+
                  | Slay+2} (You found it on level 3 of the Swamp)
 38202 | Vaults:1 | Noticed Aizul
 38215 | Vaults:1 | Killed Aizul
 38295 | Vaults:1 | Found Ynny's Assorted Antiques.
 38303 | Vaults:1 | Bought a scroll labeled SEJA WELOOLU for 45 gold pieces
 38303 | Vaults:1 | Bought a scroll of identify for 90 gold pieces
 38319 | Vaults:1 | Found Kaepodar's Assorted Antiques.
 38452 | Vaults:1 | Found Gaikihav's Weapon Boutique.
 38550 | Vaults:1 | Found Nupushes's Distillery.
 38556 | Vaults:1 | Found Egrotirph's Jewellery Shop.
 38569 | Vaults:1 | Bought a potion of heal wounds for 85 gold pieces
 38569 | Vaults:1 | Bought a potion of curing for 51 gold pieces
 38569 | Vaults:1 | Bought a potion of curing for 51 gold pieces
 38905 | Vaults:1 | Reached skill level 14 in Fighting
 38909 | Vaults:1 | Reached XP level 21. HP: 165/165 MP: 21/21
 39717 | Vaults:2 | Noticed Sojobo
 39734 | Vaults:2 | Killed Sojobo
 39810 | Vaults:2 | Reached skill level 15 in Fighting
 39975 | Vaults:2 | Found Ubideodu's Food Emporium.
 40991 | Vaults:2 | Found a staircase to the Crypt.
 41050 | Vaults:2 | Reached skill level 16 in Fighting
 41133 | Vaults:2 | Reached XP level 22. HP: 178/178 MP: 22/22
 41329 | Vaults:3 | Reached skill level 15 in Dodging
 41709 | Vaults:3 | Reached skill level 1 in Earth Magic
 41754 | Vaults:3 | Reached skill level 1 in Spellcasting
 42025 | Vaults:3 | Reached skill level 17 in Fighting
 42035 | Vaults:3 | Noticed Mennas
 42041 | Vaults:3 | You fall through a shaft!
 42276 | Vaults:4 | Reached skill level 5 in Earth Magic
 42517 | Vaults:4 | Reached skill level 5 in Spellcasting
 42922 | Vaults:4 | Reached XP level 23. HP: 188/188 MP: 31/31
 43425 | Crypt:1  | Entered Level 1 of the Crypt
 44141 | Vaults:3 | Reached skill level 18 in Fighting
 44222 | Vaults:3 | You fall through a shaft!
 44434 | Vaults:1 | Bought the ring of the Eleven Orbs {rN+ Str+3} for 466 gold
                  | pieces
 45590 | Elf:3    | Reached skill level 10 in Earth Magic
 45596 | Elf:3    | Identified the +6 dire flail of a wizard's laboratory
                  | {crush, rF+ rC+ Str+6}
 46151 | Elf:3    | Found the +5 robe of Night {Dark MR+ SInv}
 46184 | Elf:3    | Identified the Reference Book on Toxins and Stones
 46288 | Elf:3    | Found the +8 demon trident "Rift" {distort, reach+}
 46299 | Elf:3    | Got a clouded wooden ring
 46306 | Elf:3    | Identified the ring "Ypowo" {Str+4 Dex+6 SInv} (You found
                  | it on level 3 of the Elven Halls)
 46307 | Elf:3    | Identified the +6 large shield "Earthly Heaven" {+Inv rN+
                  | Str+2} (You found it on level 3 of the Elven Halls)
 46852 | Crypt:1  | Reached skill level 10 in Shields
 46973 | Crypt:1  | Reached XP level 24. HP: 199/199 MP: 35/35
 48958 | Crypt:3  | Entered Level 3 of the Crypt
 49001 | Crypt:3  | Reached skill level 15 in Shields
 49304 | Crypt:3  | Learned a level 1 spell: Confusing Touch
 49308 | Crypt:3  | Learned a level 3 spell: Spectral Weapon
 49309 | Crypt:3  | Found a basalt altar of Yredelemnul.
 49335 | Crypt:3  | Reached skill level 1 in Hexes
 49356 | Crypt:3  | Reached skill level 1 in Charms
 49708 | Crypt:3  | Identified the Grimoire of Sinister Arts
 49733 | Crypt:3  | Reached XP level 25. HP: 205/205 MP: 36/36
 49807 | Crypt:3  | Reached skill level 5 in Hexes
 49912 | Crypt:3  | Got a heavily runed ivory ring
 49912 | Crypt:3  | Got a scintillating bone ring
 49913 | Crypt:3  | Identified the ring of Hucoac {rN+ Int+3} (You found it on
                  | level 3 of the Crypt)
 49914 | Crypt:3  | Identified the ring "Fyomm" {*Contam +Fly rN+ Int+4 Dex+3}
                  | (You found it on level 3 of the Crypt)
 49915 | Crypt:3  | Identified the ring "Waunysko" {+Blink rPois rN+ Stlth+}
                  | (You found it on level 3 of the Crypt)
 50116 | Crypt:3  | Found a staircase to the Tomb.
 50116 | Crypt:3  | Noticed an ancient lich
 50141 | Crypt:3  | Killed an ancient lich
 50287 | Crypt:3  | Identified the Incunabulum of the Cloudy Blaze
 50394 | Crypt:3  | Reached skill level 10 in Spellcasting
 50671 | Depths:1 | Entered Level 1 of the Depths
 50700 | Depths:1 | Found a gateway to a ziggurat.
 50894 | Depths:1 | Found a gateway to Hell.
 51514 | Depths:2 | Reached skill level 19 in Fighting
 51857 | Depths:2 | Identified the +6 faerie dragon scales {*Contam rCorr Int+6
                  | Stlth+}
 51857 | Depths:2 | Noticed the Enchantress
 51907 | Depths:2 | Killed the Enchantress
 52327 | Depths:2 | Reached skill level 10 in Hexes
 52349 | Depths:2 | Reached XP level 26. HP: 216/216 MP: 17/38
 52410 | Depths:2 | Gained mutation: You are weak. (Str -2) [a neqoxec]
 52421 | Depths:2 | Lost mutation: You are weak. (Str -2) [potion of mutation]
 52421 | Depths:2 | Lost mutation: You are somewhat resistant to further
                  | mutation. [potion of mutation]
 52421 | Depths:2 | Gained mutation: Your spells are a little harder to cast,
                  | but a little more powerful. [potion of mutation]
 52421 | Depths:2 | Gained mutation: You possess an exceptional clarity of
                  | mind. [potion of mutation]
 52421 | Depths:2 | Gained mutation: You are dopey. (Int -2) [potion of
                  | mutation]
 52421 | Depths:2 | Gained mutation: You are robust. (+10% HP) [potion of
                  | mutation]
 52821 | Depths:3 | Noticed a juggernaut
 52839 | Depths:3 | Killed a juggernaut
 52940 | Depths:3 | You fall through a shaft for 2 floors!
 52940 | Depths:5 | Entered Level 5 of the Depths
 53404 | Depths:5 | Reached skill level 20 in Fighting
 53472 | Depths:5 | Found a gate to the Realm of Zot.
 53636 | Depths:5 | Noticed Margery
 53675 | Depths:5 | Killed Margery
 53969 | Depths:5 | Found a one-way gate leading to the halls of Pandemonium.
 54581 | Depths:4 | Reached XP level 27. HP: 224/248 MP: 37/40
 54627 | Depths:4 | Found a one-way gate to the infinite horrors of the Abyss.
 54935 | Depths:4 | Reached skill level 21 in Fighting
 54945 | Depths:4 | Found the +4 moon troll leather armour {Spirit, Regen++
                  | MP+5}
 55012 | Depths:4 | Identified the Papyrus of the Entourage
 55421 | Depths:4 | Identified the Catalogue of Feathers and the Arsonist
 55664 | Depths:3 | Found Ysyurr's Assorted Antiques.
 55665 | Depths:3 | Found Ifecagup's Antique Weapon Emporium.
 55665 | Depths:3 | Found Inosirch's Distillery.
 55680 | Depths:3 | Found Koprys's Gadget Shoppe.
 55712 | Depths:3 | Bought a potion of heal wounds for 85 gold pieces
 55712 | Depths:3 | Bought a potion of heal wounds for 85 gold pieces
 55712 | Depths:3 | Bought a potion of agility for 68 gold pieces
 55712 | Depths:3 | Bought a potion of agility for 68 gold pieces
 55712 | Depths:3 | Bought a potion of cancellation for 136 gold pieces
 55786 | Depths:3 | Learned a level 6 spell: Darkness
 55793 | Depths:3 | Learned a level 6 spell: Invisibility
 55798 | Depths:3 | Learned a level 3 spell: Regeneration
 55804 | Depths:3 | Learned a level 5 spell: Silence
 55811 | Depths:3 | Learned a level 6 spell: Deflect Missiles
 55856 | Depths:3 | Reached skill level 5 in Charms
 56037 | Depths:3 | Reached skill level 1 in Air Magic
 56124 | Depths:3 | Noticed Asterion
 56148 | Depths:3 | Killed Asterion
 56666 | Depths:1 | Found a portal to a secret trove of treasure.
 57083 | Vaults:5 | Entered Level 5 of the Vaults
 57091 | Vaults:5 | Reached skill level 15 in Spellcasting
 57154 | Vaults:5 | Got a silver rune of Zot
 57274 | Vaults:5 | Identified the +5 plate armour "Ozepn" {rElec} (You found
                  | it on level 5 of the Vaults)
 57667 | Vaults:5 | Reached skill level 22 in Fighting
 57689 | Vaults:5 | Reached skill level 5 in Air Magic
 57749 | Vaults:5 | Identified the +10 scythe of Mourning {freeze, Str+4}
 57749 | Vaults:5 | Identified the amulet of Life {Faith Int+4}
 57954 | Vaults:5 | Identified the amulet of False Pretenses {+Blink +Rage rN+
                  | Str+2 Int+5}
 58118 | Vaults:5 | Identified the +6 scale mail of Imperfection {Str+3}
 58362 | Vaults:5 | Identified the +1 robe of Kayseb {MR+} (You found it on
                  | level 5 of the Vaults)
 58599 | Vaults:5 | Identified the Grimoire of Ashen Bewitchment
 58609 | Vaults:5 | Identified the +2 scale mail "Nodi" {Stlth+} (You found it
                  | on level 5 of the Vaults)
 58810 | Vaults:5 | Identified the +2 troll leather armour "Xaptut" {rPois
                  | Regen+ Int+3} (You found it on level 5 of the Vaults)
 59193 | Zot:1    | Entered Level 1 of the Realm of Zot
 59959 | Zot:1    | Reached skill level 10 in Charms
 60447 | Zot:2    | Identified the +9 morningstar of Nightmares {holy, rElec
                  | Str-4 Dex+7}
 61948 | Zot:4    | Reached skill level 23 in Fighting
 62709 | Zot:5    | Entered Level 5 of the Realm of Zot
 63497 | Depths:3 | Voluntarily entered the Abyss.
 63710 | Abyss:1  | Found a radiant altar of Vehumet.
 64093 | Abyss:1  | Learned a level 9 spell: Shatter
 64181 | Abyss:1  | Gained mutation: Scrolls take you a little longer to read.
                  | [a neqoxec]
 64306 | Abyss:2  | Found a corrupted altar of Lugonu.
 64370 | Abyss:3  | Gained mutation: Your magical capacity is low. (-10% MP) [a
                  | shining eye]
 64372 | Abyss:3  | Gained mutation: You are very dopey. (Int -4) [a shining
                  | eye]
 64678 | Abyss:3  | Identified the cursed +0 leather armour of the Forsaken
                  | Lies {rElec Int+8} (You found it on level 3 of the Abyss)
 64680 | Abyss:3  | Identified the Disquisition on Torrid Benedictions (You
                  | acquired it on level 3 of the Abyss)
 64988 | Abyss:4  | Found a corrupted altar of Lugonu.
 65515 | Abyss:4  | Reached skill level 24 in Fighting
 65524 | Abyss:4  | Found a corrupted altar of Lugonu.
 65693 | Abyss:4  | Got an abyssal rune of Zot
 65991 | Abyss:5  | Entered Level 5 of the Abyss
 65991 | Abyss:5  | Entered Level 5 of the Abyss
 66054 | Depths:3 | Escaped the Abyss
 66186 | Zig:1    | Entered Level 1 of a ziggurat
 66208 | Zig:2    | Entered Level 2 of a ziggurat
 66238 | Zig:3    | Entered Level 3 of a ziggurat
 66271 | Zig:3    | Lost mutation: Scrolls take you a little longer to read.
                  | [potion of mutation]
 66271 | Zig:3    | Lost mutation: You are very dopey. (Int -4) [potion of
                  | mutation]
 66271 | Zig:3    | Gained mutation: You are resistant to hostile enchantments.
                  | (MR+) [potion of mutation]
 66271 | Zig:3    | Gained mutation: You are partially covered in slimy green
                  | scales. (AC +2) [potion of mutation]
 66285 | Zig:4    | Entered Level 4 of a ziggurat
 66337 | Zig:5    | Entered Level 5 of a ziggurat
 66470 | Zig:5    | Noticed a shard shrike
 66494 | Zig:5    | Killed a shard shrike
 66504 | Zig:5    | Got a scintillating brass ring
 66519 | Zig:5    | Got a crude cloak
 66523 | Zig:5    | Identified the +1 cloak of the Kettle-Drum {rC+ MR+ Int+2}
                  | (You acquired it on level 5 of a ziggurat)
 66535 | Zig:5    | Identified the ring "Ruytuwn" {Ice +Inv rPois Int+8} (You
                  | found it on level 5 of a ziggurat)
 66547 | Zig:6    | Entered Level 6 of a ziggurat
 66563 | Zig:6    | HP: 13/264 [titan/the air (18)]
 66563 | Zig:6    | Mangled by an electric golem

Skill      XL: |  1  2  3  4  5  6  7  8  9 10 11 12 13 14 15 16 17 18 19 20 21 22 23 24 25 26 27 |
---------------+----------------------------------------------------------------------------------+-----
Shields        | 4 5 6 9 10 15 | 15.6
Fighting       | 4 5 6 7 9 11 13 14 16 17 18 19 20 24 | 24.4
Staves         | 3 4 5 9 12 14 | 14.1
Dodging        | 2 6 8 9 11 14 15 | 15.3
Armour         | 5 8 10 12 | 12.5
Bows           | 2 9 12 15 17 19 20 | 20.0
Earth Magic    | 6 10 13 | 13.7
Spellcasting   | 5 8 9 11 13 18 | 18.8
Hexes          | 4 10 13 14 | 14.7
Charms         | 3 4 12 | 12.2
Air Magic      | 9 |  9.6
Invocations    | |  0.7

Action                   |  1- 3 |  4- 6 |  7- 9 | 10-12 | 13-15 | 16-18 | 19-21 | 22-24 | 25-27 || total
-------------------------+-------+-------+-------+-------+-------+-------+-------+-------+-------++-------
Melee: Quarterstaff      |    67 |   301 |   408 |   193 |    48 |       |       |       |       ||  1017
       Lajatang          |       |       |       |   486 |   996 |   934 |   686 |   241 |  3119 ||  6462
 Fire: Longbow           |       |       |       |       |   363 |   873 |  1354 |  1789 |   980 ||  5359
Throw: Javelin           |     2 |       |     1 |       |       |       |       |       |       ||     3
       Throwing net      |       |       |       |     6 |     1 |     1 |     3 |       |       ||    11
 Cast: Spectral Weapon   |       |       |       |       |       |       |       |       |    68 ||    68
       Confusing Touch   |       |       |       |       |       |       |       |       |     6 ||     6
       Lee's Rapid Decon |       |       |       |       |       |       |       |       |     4 ||     4
       Regeneration      |       |       |       |       |       |       |       |       |     6 ||     6
       Deflect Missiles  |       |       |       |       |       |       |       |       |     4 ||     4
       Darkness          |       |       |       |       |       |       |       |       |     2 ||     2
       Silence           |       |       |       |       |       |       |       |       |     1 ||     1
Invok: Lesser Servant of |       |       |       |       |     2 |       |     1 |       |       ||     3
       Greater Servant o |       |       |       |       |       |       |     1 |       |       ||     1
 Abil: Dig               |       |     2 |     1 |     1 |    21 |    13 |     2 |       |    24 ||    64
       Shaft Self        |       |       |       |       |       |       |     1 |     2 |     1 ||     4
Evoke: Wand              |       |     1 |     6 |    18 |    21 |     2 |     4 |     6 |     4 ||    62
       Lamp of fire      |       |       |       |       |     3 |     1 |     1 |     3 |     2 ||    10
       Phial of floods   |       |       |       |       |       |       |       |       |     1 ||     1
  Use: Scroll            |     1 |     9 |     4 |     7 |    12 |     7 |    16 |     8 |    28 ||    92
       Potion            |       |     1 |    10 |     4 |    11 |    14 |    10 |     4 |    11 ||    65
 Stab: Invisible         |       |       |       |     8 |     2 |     3 |       |       |     4 ||    17
       Held in net/web   |       |       |       |     3 |       |       |       |       |       ||     3
       Confused          |       |       |       |       |     1 |       |     3 |       |     1 ||     5
       Distracted        |       |       |       |       |       |       |       |       |    22 ||    22
       Sleeping          |       |       |       |       |       |       |       |       |     9 ||     9
       Petrified         |       |       |       |       |       |       |       |       |     2 ||     2
  Eat: Chunk             |       |    10 |     6 |    15 |    14 |    11 |    14 |     4 |    22 ||    96
       Ration            |       |       |     2 |     1 |     7 |     6 |     4 |     6 |    12 ||    38
Armor: Scale mail        |    34 |   140 |   138 |   249 |   288 |   424 |   260 |    73 |       ||  1606
       Chain mail        |       |       |       |       |       |       |       |    53 |   126 ||   179
       Acid dragon scale |       |       |       |       |       |       |       |       |   476 ||   476
Dodge: Dodged            |    27 |   111 |    91 |   223 |   499 |   662 |   440 |   202 |   973 ||  3228
       Deflected         |       |       |       |       |       |       |       |       |    13 ||    13
Block: Shield            |    42 |   195 |   222 |   402 |   610 |   721 |   544 |   169 |       ||  2905
       Reflection        |       |       |       |       |       |       |    25 |    36 |   102 ||   163
       Large shield      |       |       |       |       |       |       |       |   419 |  3348 ||  3767
